 Dungeon Crawl Stone Soup version 0.23.2-40-g277498a001 (webtiles) character file.

Game seed: 16393161440805761094

255 Curus the Changer (level 6, -8/43 HPs)
             Began as a Merfolk Transmuter on Sept 22, 2019.
             Killed by nerve-wracking pain
             ... invoked by an orc priest
              (14 damage)
             ... on level 3 of the Dungeon.
             The game lasted 00:13:03 (1387 turns).

Curus the Changer (Merfolk Transmuter)              Turns: 1387, Time: 00:13:04

Health: -8/43      AC:  2    Str: 10    XL:     6   Next: 15%
Magic:  3/9        EV: 21    Int: 16    God:
Gold:   107        SH:  0    Dex: 20    Spells: 5/9 levels left

rFire    . . .     SeeInvis .     - Unarmed
rCold    . . .     Gourm    .   (shield currently unavailable)
rNeg     . . .     Faith    .   (armour currently unavailable)
rPois    x         Spirit   .   (helmet currently unavailable)
rElec    .         Reflect  .   (cloak currently unavailable)
rCorr    .         Harm     .   (gloves currently unavailable)
MR       +....                  (boots currently unavailable)
Stlth    ++........             c - amulet of regeneration
HPRegen  0.54/turn              (no ring)
MPRegen  0.11/turn              (no ring)

@: spider-form, very slightly contaminated
A: tiny, (change form in water), (swift swim), (stealthy swim), clever 1, magic
resistance 1
a: End Transformation


You were on level 3 of the Dungeon.
You were hungry.
You were a venomous arachnid creature.
You visited 1 branch of the dungeon, and saw 3 of its levels.

You collected 107 gold pieces.

Inventory:

Missiles
 a - 87 arrows
Armour
 b - a +0 robe (melded)
Jewellery
 c - an amulet of regeneration (around neck)
Scrolls
 f - a scroll of teleportation
 g - a scroll of magic mapping
 i - a scroll of fear
Potions
 e - a potion of magic
Comestibles
 d - 5 rations


   Skills:
 - Level 1.1 Fighting
 - Level 2.6 Dodging
 + Level 5.1 Unarmed Combat
 - Level 2.0 Spellcasting
 - Level 5.1 Transmutations
 - Level 3.3 Poison Magic


You had 5 spell levels left.
You knew the following spells:

 Your Spells              Type           Power        Failure   Level  Hunger
a - Beastly Appendage     Tmut           ###...       10%         1    #......
b - Spider Form           Tmut/Pois      ###.......   26%         3    ###....

Your spell library contained the following spells:

 Spells                   Type           Power        Failure   Level  Hunger
 Sticks to Snakes         Tmut           ###.....     12%         2    ###....
 Blade Hands              Tmut           ###.......   77%         5    ######.
 Ice Form                 Ice/Tmut       #.......     78%         4    #####..


Dungeon Overview and Level Annotations

Branches:
Dungeon (3/15)

Altars:
Trog


Innate Abilities, Weirdness & Mutations

((You revert to your normal form in water))
((You are very nimble and swift while swimming.))
((You are very stealthy in the water. (Stealth+)))
Your mind is acute. (Int +2)
You are resistant to hostile enchantments. (MR+)
((You are resistant to electric shocks. (rElec)))


Message History

* * * LOW HITPOINT WARNING * * *
Casting: Spider Form (safe; 11% risk of failure)
Confirm with . or Enter, or press ? or * to list all spells.
You turn into a venomous arachnid creature.
Your +0 robe melds into your body.
You are feeling hungry.
The orc priest closely misses you. The hobgoblin misses you.
The orc completely misses you. The orc misses you.
You hit the orc priest.
The orc priest is poisoned.
The orc priest is moderately wounded.
The orc priest hits you with a +0 whip.
* * * LOW HITPOINT WARNING * * *
The hobgoblin misses you. The orc completely misses you.
The orc hits you with a +0 dagger.
* * * LOW HITPOINT WARNING * * *
You closely miss the orc priest.
The orc priest is moderately wounded.
The orc priest calls down the wrath of Beogh upon you.
Pain shoots through your body!
You die...

.........## #..... ..........#
#.#### ..........# ## #.
..........##### .. #
..>.......#...## .# ####.#.###
...............# #.# #........#
..........#>...# ..# #........#
.........##....##..####........#
..#.....###.....sg.............#
######### #....ooo.####(.......#
##^...K.## ##....?...# ##.#....#
#...)......# ...##...#


You could see an orc priest, 2 orcs, a hobgoblin and a kobold.

Vanquished Creatures
  An orc wizard (D:3)
  A jelly (D:2)
  An orc priest (D:3)
  2 gnolls
  6 adders
  An ooze (D:1)
  2 worms
  2 dart slugs (D:3)
  4 leopard geckos
  7 orcs
  3 giant cockroaches
  2 goblins
  6 hobgoblins
  3 jackals (D:1)
  3 quokkas
  9 bats
  2 frilled lizards (D:1)
  12 kobolds
  6 rats
73 creatures vanquished.

Notes
Turn   | Place    | Note
-------+----------+-------------------------------------------
     0 | D:1      | Curus the Merfolk Transmuter began the quest for the Orb.
     0 | D:1      | Reached XP level 1. HP: 15/15 MP: 3/3
    97 | D:1      | Reached XP level 2. HP: 21/21 MP: 3/5
   205 | D:1      | Reached XP level 3. HP: 26/26 MP: 6/6
   210 | D:1      | Learned a level 3 spell: Spider Form
   562 | D:2      | Reached skill level 1 in Poison Magic
   608 | D:2      | Reached XP level 4. HP: 24/32 MP: 5/7
   815 | D:2      | Gained mutation: You are resistant to electric shocks.
                  | (rElec) [potion of mutation]
   815 | D:2      | Gained mutation: Your mind is acute. (Int +2) [potion of
                  | mutation]
   815 | D:2      | Gained mutation: You are resistant to hostile enchantments.
                  | (MR+) [potion of mutation]
   837 | D:2      | Found a faded altar of an unknown god.
  1077 | D:3      | Reached XP level 5. HP: 32/37 MP: 4/8
  1117 | D:3      | Found a bloodstained altar of Trog.
  1151 | D:3      | Reached skill level 5 in Transmutations
  1272 | D:2      | Reached skill level 5 in Unarmed Combat
  1272 | D:2      | Reached XP level 6. HP: 10/43 MP: 5/9
  1387 | D:3      | Killed from afar by an orc priest

Skill      XL: |  1  2  3  4  5 |
---------------+----------------+-----
Unarmed Combat | 4 5 |  5.1
Transmutations | 3 4 5 |  5.1
Poison Magic   | 1 2 3 |  3.3
Fighting       | |  1.1
Dodging        | |  2.6
Spellcasting   | |  2.0

Action                   |  1- 3 |  4- 6 || total
-------------------------+-------+-------++-------
Melee: Unarmed           |   104 |   125 ||   229
       Headbutt          |     5 |     5 ||    10
 Cast: Beastly Appendage |     6 |     5 ||    11
       Spider Form       |       |     9 ||     9
  Use: Scroll            |     4 |     2 ||     6
       Potion            |     2 |     2 ||     4
 Stab: Sleeping          |       |     2 ||     2
  Eat: Chunk             |       |     3 ||     3
Armor: Robe              |    29 |     9 ||    38
       Skin              |       |     1 ||     1
Dodge: Dodged            |    88 |   108 ||   196
